 Dungeon Crawl Stone Soup version 0.28.0-43-g3370ac3207 (webtiles) character file.

Game seed: 1154736224467365480

16 Arcadio the Caller (level 2, -1/15 HPs)
             Began as a Tengu Summoner on Mar 10, 2022.
             Slain by a jackal (3 damage)
             ... on level 1 of the Dungeon.
             The game lasted 00:02:35 (586 turns).

Arcadio the Caller (Tengu Summoner)                  Turns: 586, Time: 00:02:36

Health: -1/15      AC:  2    Str:  8    XL:     2   Next: 58%
Magic:  0/6        EV: 12    Int: 15    God:
Gold:   21         SH:  0    Dex: 14    Spells: 2/5 levels left

rFire   . . .      SeeInvis .   c - +0 short sword
rCold   . . .      Faith    .   (no shield)
rNeg    . . .      Spirit   .   a - +0 robe
rPois   .          Reflect  .   (helmet restricted)
rElec   .          Harm     .   (no cloak)
rCorr   .          Rampage  .   (no gloves)
Will    .....                   (boots unavailable)
Stlth   ++........              (no amulet)
HPRegen 0.05/turn               (no ring)
MPRegen 0.10/turn               (no ring)

@: no status effects
A: beak, talons 3
a: no special abilities


You were on level 1 of the Dungeon.
You visited 1 branch of the dungeon, and saw 1 of its levels.

You collected 21 gold pieces.

Inventory:

Hand Weapons
 c - a +0 short sword (weapon)
Armour
 a - a +0 robe (worn)
Scrolls
 b - 2 scrolls of identify {unknown}
 d - a scroll of fog {unknown}
Potions
 e - a potion of might {unknown}


   Skills:
 + Level 2.6 Dodging
 - Level 2.0 Stealth
 + Level 2.3 Spellcasting
 + Level 5.1 Summonings


You had 2 spell levels left.
You knew the following spells:

 Your Spells              Type           Power      Damage    Failure   Level
a - Summon Small Mammal   Summ           68%        N/A       2%          1
b - Call Imp              Summ           17%        N/A       4%          2

Your spell library contained the following spells:

 Spells                   Type           Power      Damage    Failure   Level
 Call Canine Familiar     Summ           17%        N/A       8%          3
 Summon Guardian Golem    Hex/Summ       9%         N/A       22%         3
 Summon Lightning Spire   Summ/Air       9%         N/A       58%         4


Dungeon Overview and Level Annotations

Branches:
Dungeon (1/15)

Altars:


Innate Abilities, Weirdness & Mutations

You have a beak for a mouth.
You have claws for feet.


Message History

Casting: Call Imp (safe; 4% risk of failure)
Confirm with . or Enter, or press ? or * to list all spells.
You miscast Call Imp.
You are very lightly contaminated with residual magic.
Nothing appears to happen.
The jackal bites your crimson imp.
The jackal barely misses your crimson imp.
You hit the endoplasm.
The endoplasm is heavily wounded.
The endoplasm freezes you.
You are frozen.
* * * LOW HITPOINT WARNING * * *
The jackal barely misses your crimson imp.
Your crimson imp hits the endoplasm.
The endoplasm dies!
The jackal closely misses your crimson imp.
The jackal bites your crimson imp.
Your crimson imp closely misses the jackal.
Casting: Call Imp (safe; 4% risk of failure)
Confirm with . or Enter, or press ? or * to list all spells.
A beastly little devil appears in a puff of flame.
Your crimson imp disappears in a puff of smoke!
Found a stone staircase leading down.
Your magical contamination has completely faded away.
Your crimson imp hits the jackal.
The jackal misses your crimson imp. The jackal bites your crimson imp.
The jackal bites you.
* * * LOW HITPOINT WARNING * * *
You see here 7 gold pieces.
There are monsters nearby!
There are monsters nearby!
There are monsters nearby!
You hit the jackal but do no damage. Your kick misses the jackal.
The jackal is lightly wounded.
The jackal barely misses you.
The jackal closely misses your crimson imp.
Your crimson imp blinks!
You barely miss the jackal. You claw the jackal.
The jackal is moderately wounded.
The jackal barely misses you. The jackal bites you.
You die...

....# ##.##
...## #.####
.### #.#.#.
.### #..#..
...## #.>...#
## .....
....5.. .#
.#.## .......
.# ...#
#....#.##.#
#..# #..
#..@....#
#..# #..
##.h#####
...#
#..####hh###
#.##
##.......h..#
#.###
#......##.#.#
#...#
#..$>..##J#.#
###.#
#......##...#
#.#
#......####.#
#.#
#...!..####J#


You could see an endoplasm, 4 jackals and a friendly crimson imp (summoned).

Vanquished Creatures
  A hobgoblin (D:1)
  A bat (D:1)
  A kobold (D:1)
3 creatures vanquished.

Vanquished Creatures (collateral kills)
  3 endoplasms (D:1)
  4 jackals (D:1)
  A quokka (D:1)
  3 kobolds (D:1)
  A rat (D:1)
12 creatures vanquished.

Grand Total: 15 creatures vanquished

Notes
Turn   | Place    | Note
-------+----------+-------------------------------------------
     0 | D:1      | Arcadio the Tengu Summoner began the quest for the Orb.
     0 | D:1      | Reached XP level 1. HP: 10/10 MP: 4/4
    80 | D:1      | Reached skill level 5 in Summonings
   210 | D:1      | Reached XP level 2. HP: 15/15 MP: 3/6
   213 | D:1      | Learned a level 2 spell: Call Imp
   246 | D:1      | Found a faded altar of an unknown god.
   586 | D:1      | Slain by a jackal

Illustrated notes

Levels and vault maps discovered:
D:1:      onia_arrival_mini_spirals, layout_loops_cross, basic_ecumenical_altar

Skill      XL: |  1 |
---------------+----+-----
Summonings     | 5 |  5.1
Dodging        | |  2.6
Stealth        | |  2.0
Spellcasting   | |  2.3

Action                   || total
-------------------------++-------
Melee: Short sword       ||     8
       Peck              ||     2
       Kick              ||     1
       Punch             ||     1
 Cast: Summon Small Mamm ||     9
       Call Imp          ||     5
 Stab: Sleeping          ||     2
Armor: Robe              ||     5
Dodge: Dodged            ||    12
